 Dungeon Crawl Stone Soup version 0.27-a0-1334-g2746e35aca (webtiles) character file.

Game seed: 2919261790426824562

4 Delamore the Sneak (level 1, 0/14 HPs)
             Began as an Octopode Brigand on June 26, 2021.
             Slain by a jackal (1 damage)
             ... on level 1 of the Dungeon.
             The game lasted 00:00:20 (165 turns).

Delamore the Sneak (Octopode Brigand)                Turns: 165, Time: 00:00:21

Health: 0/14       AC:  1    Str: 10    XL:     1   Next: 60%
Magic:  1/1        EV: 12    Int: 13    God:
Gold:   0          SH:  0    Dex: 13    Spells: 0/0 levels left

rFire    . . .     SeeInvis .   a - +2 dagger
rCold    . . .     Faith    .   (no shield)
rNeg     . . .     Spirit   .   (helmet restricted)
rPois    .         Reflect  .   (no amulet)
rElec    .         Harm     .   (no ring)
rCorr    .         Rampage  .   (no ring)
Will     .....                  (no ring)
Stlth    ++++......             (no ring)
HPRegen  0.04/turn              (no ring)
MPRegen  0.07/turn              (no ring)
                                (no ring)
                                (no ring)

@: no status effects
A: almost no armour, amphibious, 8 rings, camouflage 1, gelatinous body 1,
(nimble swimmer 1), tentacles
a: no special abilities


You were on level 1 of the Dungeon.
You visited 1 branch of the dungeon, and saw 1 of its levels.

Inventory:

Hand Weapons
 a - a +2 dagger (weapon)
Missiles
 b - 8 poisoned darts (quivered)
 c - 2 curare-tipped darts
Potions
 d - 2 potions of curing {unknown}


   Skills:
 + Level 2.1 Fighting
 + Level 2.1 Short Blades
 + Level 2.1 Throwing
 - Level 1.0 Dodging
 + Level 5.4 Stealth


You couldn't memorise any spells.
You didn't know any spells.
Your spell library was empty.

Dungeon Overview and Level Annotations

Branches:
Dungeon (1/15)

Altars:


Innate Abilities, Weirdness & Mutations

You cannot wear most types of armour.
You are amphibious.
You can wear up to eight rings at the same time.
Your skin changes colour to match your surroundings (Stealth+).
Your rubbery body absorbs attacks. (AC +1, EV +1)
((You are camouflaged near water. (Stealth+)))
You have tentacles for arms and can constrict up to eight enemies at once.


Message History

A jackal comes into view.
There are monsters nearby!
There are monsters nearby!
A jackal and a dart slug come into view.
The goblin shouts!
You hear a shout!
A goblin comes into view. It is wielding a +0 club.
The goblin shouts!
A kobold comes into view. It is wielding a +0 dagger.
The jackal barks!
You hit the goblin but do no damage. You grab the goblin.
You constrict the goblin.
A frilled lizard comes into view.
The goblin hits you with a +0 dagger.
You hit the goblin.
You kill the goblin!
The jackal completely misses you.
You miss the jackal. You grab the jackal. You squeeze the jackal.
The jackal is severely wounded.
You constrict the jackal.
You kill the jackal!
You barely miss the kobold. Your grab misses the kobold.
The jackal barely misses you. The kobold hits you with a +0 dagger.
You hit the jackal. Your grab misses the jackal.
The jackal is heavily wounded.
The jackal completely misses you. The jackal closely misses you.
The kobold hits you with a +0 dagger. The jackal misses you.
You are too injured to fight recklessly!
You are too injured to fight recklessly!
You are too injured to fight recklessly!
You are too injured to fight recklessly!
You are too injured to fight recklessly!
You are too injured to fight recklessly!
The jackal closely misses you. The quokka bites you.
* * * LOW HITPOINT WARNING * * *
The jackal completely misses you. The quokka barely misses you.
The quokka barely misses you.
The frilled lizard hisses.
The jackal bites you.
You die...

.##.......######.##
....#...........l#
.####.P≈≈P.P≈≈PKw#
.# #.≈≈≈≈.≈≈≈≈..#
.####.≈≈≈≈.≈≈≈≈..#
....#.≈≈≈≈.≈≈≈≈..#
#.#.#.≈≈≈≈.≈≈≈≈h.#
#.#.#.≈≈≈≈.≈≈≈≈hr#
..#.#.≈≈≈≈.≈≈≈≈.@#
......≈≈≈≈.≈≈≈≈..#
......≈≈≈≈.≈≈≈≈..#
......P≈≈...≈≈P..#
.................#
...[......<.....##
................#
###...P≈≈...≈≈P.#
#...≈≈≈≈.≈≈≈≈.#


You could see a dart slug, a quokka, 2 jackals, a kobold and a frilled lizard.

Vanquished Creatures
  A goblin (D:1)
  A jackal (D:1)
  2 bats (D:1)
4 creatures vanquished.

Notes
Turn   | Place    | Note
-------+----------+-------------------------------------------
     0 | D:1      | Delamore the Octopode Brigand began the quest for the Orb.
     0 | D:1      | Reached XP level 1. HP: 14/14 MP: 1/1
   165 | D:1      | Slain by a jackal

Illustrated notes

Levels and vault maps discovered:
D:1:      giann_bridges, layout_basic

Action                   || total
-------------------------++-------
Melee: Dagger            ||     8
       Constrict         ||     3
       Tentacles         ||     1
 Stab: Sleeping          ||     1
Dodge: Dodged            ||    11

Table legend: (Time is in decaauts)
 A = Elapsed time spent in this place.
 B = Non-inter-level travel time spent in this place.
 C = Inter-level travel time spent in this place.
 D = Time resting spent in this place.
 E = Time spent auto-exploring this place.
 F = Levels seen in this place.
 G = Mean time per level.
                   A        B        C        D        E       F      G
               +--------+--------+--------+--------+--------+-----+--------+
         Total |    164 |    164 |      0 |      0 |    134 |   1 |  164.0 |
       Dungeon |    164 |    164 |      0 |      0 |    134 |   1 |  164.0 |
               +--------+--------+--------+--------+--------+-----+--------+

Top non-repeatable levels by time:
     D:1: 164 daAuts
